[Event "IM Marmaris Karia VII 2019"]
[Site "Marmaris"]
[Date "2019.05.24"]
[Round "1.2"]
[White "Tanriverdi, Enes"]
[Black "Sibashvili, Giorgi"]
[Result "1-0"]
[ECO "B06"]
[WhiteElo "2348"]
[BlackElo "2381"]
[Annotator "NA"]
[PlyCount "77"]
[EventDate "2019.05.25"]
[EventType "schev"]
[EventCountry "TUR"]
[SourceTitle "playchess.com"]
[Source "ChessBase"]
[SourceQuality "1"]
[TimeControl "5400+30"]

1. d4 g6 2. e4 Bg7 3. Nf3 d6 4. Bd3 Bg4 5. c3 Nc6 (5... e5 6. h3 Bxf3 7. gxf3 exd4 8. cxd4 Nc6 9. d5 Ne5 10. Be2 Nd7 11. Nc3 a6 12. Be3 Ngf6 13. f4 {0-1 (31) Sanal,V (2506)-Petrosian,T (2643) Golden Sands 2015}) 6. Nbd2 {[%emt 0:01:30] B06: Modern Defence} e5 7. h3 Bd7 8. dxe5 Nxe5 9. Nxe5 dxe5 $146 ({Predecessor:} 9... Bxe5 10. O-O Bg7 11. Nf3 Ne7 12. Bg5 h6 13. Bh4 {0-1 (44) Turpanov,M (2351)-Rahman,Z (2542) Doha 2003}) 10. Nf3 Ne7 11. O-O O-O 12. Be3 h6 13. Qc2 b6 14. Rad1 Qe8 15. Rfe1 Be6 16. b3 Rd8 17. a4 Nc8 18. b4 f5 19. exf5 gxf5 20. Bb5 Qf7 21. Rxd8 Rxd8 22. Bc1 e4 23. Nd4 Nd6 24. Nc6 Rf8 25. Bf4 Nxb5 26. axb5 Bc4 27. Nd4 Rd8 28. Ra1 Bd3 29. Qc1 Bxd4 30. cxd4 Rxd4 31. Qe3 Rxb4 32. Rxa7 Rc4 33. Ra8+ Kh7 34. Be5 f4 35. Rh8+ Kg6 36. Bxf4 Rc2 37. Rxh6+ Kg7 38. Be5+ Kf8 39. Rf6 1-0

[Event "IM Marmaris Karia VII 2019"]
[Site "Marmaris"]
[Date "2019.05.24"]
[Round "1.3"]
[White "Alaz, Ahmet Efekan"]
[Black "Morozov, Nichita"]
[Result "1-0"]
[ECO "C54"]
[WhiteElo "2252"]
[BlackElo "2371"]
[Annotator "ChessBase"]
[PlyCount "93"]
[EventDate "2019.05.25"]
[EventType "schev"]
[EventCountry "TUR"]
[SourceTitle "playchess.com"]
[Source "ChessBase"]
[SourceQuality "1"]
[TimeControl "5400+30"]

1. e4 e5 2. Nf3 Nc6 3. Bc4 Bc5 4. c3 Nf6 5. d3 a6 6. a4 Ba7 7. O-O d6 8. Nbd2 h6 9. Re1 g5 10. Nf1 g4 11. N3d2 h5 12. Nb1 Be6 13. Be3 Bxe3 14. Nxe3 Bxc4 15. Nxc4 Qd7 16. d4 h4 17. dxe5 Nxe5 18. Nxe5 dxe5 19. Qxd7+ Kxd7 20. Na3 Ke6 21. Nc4 g3 22. fxg3 hxg3 23. h3 Rh4 24. Nd2 Rd8 25. Re2 Rf4 26. Rae1 b5 27. Nf1 Nh5 28. Re3 Rg8 29. axb5 axb5 30. R1e2 c5 31. Rd2 c4 32. Rd5 f5 33. Rxb5 Rxf1+ 34. Kxf1 f4 35. Re2 f3 36. gxf3 Nf4 37. Rg2 Nxh3 38. Rc5 Nf4 39. Rc6+ Ke7 40. Rxc4 Rd8 41. Rxg3 Rd1+ 42. Kf2 Rd2+ 43. Ke1 Rxb2 44. Rc6 Kd7 45. Ra6 Rb1+ 46. Kd2 Rb2+ 47. Kd1 1-0

[Event "IM Marmaris Karia VII 2019"]
[Site "Marmaris"]
[Date "2019.05.24"]
[Round "1.5"]
[White "Ozkan, Taha"]
[Black "Darban, Morteza"]
[Result "1-0"]
[ECO "E00"]
[WhiteElo "1977"]
[BlackElo "2285"]
[Annotator "NA"]
[PlyCount "87"]
[EventDate "2019.05.25"]
[EventType "schev"]
[EventCountry "TUR"]
[SourceTitle "playchess.com"]
[Source "ChessBase"]
[SourceQuality "1"]
[TimeControl "5400+30"]

1. d4 Nf6 2. c4 e6 3. Bg5 h6 4. Bxf6 Qxf6 5. e3 (5. Nc3 Bb4 6. Rc1 c5 7. e3 cxd4 8. exd4 b6 9. Be2 Bb7 10. Bf3 Nc6 11. Nge2 O-O 12. O-O Qd8 13. a3 Be7 14. b4 {½-½ (55) Ren,X (2282)-Lei,T (2537) Qinhuangdao 2018}) 5... g6 6. Nf3 {[%emt 0:00:30] E00: Catalan Bogo-Indian (3 g3 Bb4+)} Bg7 7. Nc3 O-O 8. Be2 d6 9. O-O Qe7 $146 ({Predecessor:} 9... Nd7 10. e4 e5 11. d5 a5 12. a3 Qe7 {0-1 (40) Celik,E (1950)-Baenziger,F (2355) Konya 2018}) 10. b4 c5 11. bxc5 dxc5 12. Qb3 cxd4 13. exd4 Nc6 14. Rad1 b6 15. Rfe1 Bd7 16. Ne4 f5 17. Ng3 Rac8 18. Qd3 (18. c5 $5) 18... Rfd8 19. d5 (19. Bf1 $15) 19... Na5 20. Nd4 {[%emt 0:03:44] [#]} Nxc4 $2 ({Black should try} 20... e5 $1 $19 21. Nb5 e4) 21. dxe6 Ba4 22. Nc6 Bxc6 23. Qxc4 Bd5 24. Rxd5 Rxc4 25. Rxd8+ Qxd8 26. e7 Qxe7 27. Bxc4+ Kf8 28. Rxe7 Kxe7 29. Kf1 h5 30. Ke2 h4 31. Nf1 Kd6 32. h3 g5 33. Kd3 Ke5 34. Ne3 Bf8 35. Ba6 Bc5 36. Bc8 b5 37. f3 Kf4 38. Nxf5 a5 39. Nd4 Kg3 40. Nxb5 Kxg2 41. Bg4 Kf2 42. Kc4 Bb4 43. a4 Ke3 44. Na7 1-0

[Event "IM Marmaris Karia VII 2019"]
[Site "Marmaris"]
[Date "2019.05.25"]
[Round "2.2"]
[White "Morozov, Nichita"]
[Black "Tanriverdi, Enes"]
[Result "1-0"]
[ECO "B07"]
[WhiteElo "2371"]
[BlackElo "2348"]
[Annotator "NA"]
[PlyCount "91"]
[EventDate "2019.05.25"]
[EventType "schev"]
[EventCountry "TUR"]
[SourceTitle "playchess.com"]
[Source "ChessBase"]
[SourceQuality "1"]
[TimeControl "5400+30"]

1. d4 Nf6 2. Nf3 g6 3. Nbd2 d6 4. e4 Bg7 5. Bd3 O-O 6. O-O Nc6 7. c3 e5 8. h3 Nd7 9. Nb3 a5 10. a4 exd4 11. Nbxd4 Nc5 12. Bc2 Re8 13. Re1 Bd7 14. Nb3 Nxb3 15. Bxb3 Be6 16. Bd5 Qd7 17. Be3 Bxd5 18. exd5 Ne5 19. Nxe5 Rxe5 20. Qb3 b6 21. Bf4 Rxe1+ 22. Rxe1 Re8 23. Re3 Rxe3 24. Bxe3 Qf5 25. Qc4 Qb1+ 26. Kh2 Qxb2 27. Qxc7 Be5+ 28. f4 Qxc3 29. Qxc3 Bxc3 30. Bxb6 Kf8 31. Kg3 Ke7 32. Kf3 Kd7 33. Ke4 Kc8 34. f5 Kb7 35. Be3 Bb4 36. g4 Bc3 37. Bf4 Bb4 38. Be3 Ba3 39. fxg6 fxg6 40. Kf4 Bc5 41. Bxc5 dxc5 42. g5 Kc7 43. Ke5 Kd7 44. d6 c4 45. Kd4 Kxd6 46. Kxc4 1-0

[Event "IM Marmaris Karia VII 2019"]
[Site "Marmaris"]
[Date "2019.05.25"]
[Round "2.3"]
[White "Papenin, Nikolai"]
[Black "Alaz, Ahmet Efekan"]
[Result "1/2-1/2"]
[ECO "A47"]
[WhiteElo "2336"]
[BlackElo "2252"]
[Annotator "NA"]
[PlyCount "60"]
[EventDate "2019.05.25"]
[EventType "schev"]
[EventCountry "TUR"]
[SourceTitle "playchess.com"]
[Source "ChessBase"]
[SourceQuality "1"]
[TimeControl "5400+30"]

1. e4 c6 2. Nf3 d5 3. exd5 cxd5 4. d4 Nf6 5. Ne5 e6 6. Nd2 Be7 7. c3 O-O 8. Bd3 b6 9. Qe2 Bb7 10. O-O Nbd7 11. f4 Re8 12. g4 Nf8 13. g5 N6d7 14. Qh5 g6 15. Qf3 f5 16. gxf6 Bxf6 17. Kh1 Bg7 18. Qh3 Nf6 19. Ndf3 Ne4 20. Ng4 Nd7 21. Ng5 Nxg5 22. fxg5 Qe7 23. Bb5 Rf8 24. Bxd7 Rxf1+ 25. Qxf1 Qxd7 26. Nf6+ Bxf6 27. gxf6 e5 28. f7+ Qxf7 29. Qxf7+ Kxf7 30. dxe5 Ba6 1/2-1/2

[Event "IM Marmaris Karia VII 2019"]
[Site "Marmaris"]
[Date "2019.05.25"]
[Round "2.4"]
[White "Darban, Morteza"]
[Black "Kilic, Efe Mert"]
[Result "1-0"]
[ECO "B33"]
[WhiteElo "2285"]
[BlackElo "2248"]
[Annotator "NA"]
[PlyCount "141"]
[EventDate "2019.05.25"]
[EventType "schev"]
[EventCountry "TUR"]
[SourceTitle "playchess.com"]
[Source "ChessBase"]
[SourceQuality "1"]
[TimeControl "5400+30"]

1. e4 c5 2. Nf3 Nc6 3. d4 cxd4 4. Nxd4 Nf6 5. Nc3 e5 6. Ndb5 d6 7. Bg5 a6 8. Na3 b5 9. Nd5 Be7 10. Bxf6 Bxf6 11. c3 Ne7 12. Nc2 Nxd5 13. Qxd5 Rb8 14. Nb4 Bb7 15. Qd3 O-O 16. Be2 Rc8 17. O-O Rc5 18. a4 a5 19. Nd5 Bxd5 20. exd5 b4 21. cxb4 axb4 22. Qe4 Qa5 23. Bb5 Bg5 24. Qf5 h6 25. Rfd1 Rd8 26. Qg4 Rf8 27. h4 f5 28. Qh5 Bd8 29. Bd7 Rc4 30. Rac1 Qc5 31. Rxc4 Qxc4 32. Qg6 Qg4 33. Qxg4 fxg4 34. Bxg4 Bb6 35. Be6+ Kh7 36. Rd2 b3 37. g3 h5 38. Kg2 Kh6 39. f3 Rb8 40. Bd7 Ba5 41. Rd3 Rb4 42. Bb5 Bb6 43. Rc3 Rd4 44. Rd3 Rb4 45. Rc3 Rd4 46. Bd3 Rxa4 47. Rxb3 Bc5 48. Rb8 g5 49. Rg8 gxh4 50. Rg6+ Kh7 51. Rg4+ e4 52. Bxe4+ Kh6 53. Rg6+ Kh7 54. Rg5+ Kh6 55. gxh4 Rb4 56. Kg3 Rxb2 57. Kf4 Rb4 58. Rg6+ Kh7 59. Kg5 Kh8 60. Kxh5 Rb2 61. f4 Re2 62. Re6 Kg7 63. Kg5 Re1 64. h5 Rg1+ 65. Kf5 Kf7 66. h6 Rg3 67. h7 Rh3 68. Kg4 Rh2 69. Kg3 Bg1 70. Rxd6 Rh5 71. Bg6+ 1-0

[Event "IM Marmaris Karia VII 2019"]
[Site "Marmaris"]
[Date "2019.05.25"]
[Round "2.5"]
[White "Mgeladze, Tamaz"]
[Black "Ozkan, Taha"]
[Result "1-0"]
[ECO "A11"]
[WhiteElo "2396"]
[BlackElo "1977"]
[Annotator "NA"]
[PlyCount "87"]
[EventDate "2019.05.25"]
[EventType "schev"]
[EventCountry "TUR"]
[SourceTitle "playchess.com"]
[Source "ChessBase"]
[SourceQuality "1"]
[TimeControl "5400+30"]

1. c4 c6 2. Nf3 d5 3. g3 dxc4 4. Bg2 b5 5. d3 cxd3 6. Ne5 Bb7 7. Nc3 a6 8. O-O e6 9. Nxd3 Nd7 10. a4 Qc7 11. axb5 cxb5 12. Nxb5 axb5 13. Rxa8+ Bxa8 14. Bxa8 Ngf6 15. Qb3 Qc4 16. Qd1 Be7 17. b3 Qc8 18. Bf3 O-O 19. Bb2 Nb6 20. Qa1 Qc2 21. Qa5 Nbd7 22. Bxf6 Nxf6 23. Qxb5 Qc7 24. Rc1 Qa7 25. Qa4 Qb6 26. Rc6 Qb8 27. Ra6 h6 28. b4 e5 29. Ra8 Qb6 30. b5 e4 31. Bxe4 Nxe4 32. Qxe4 Qxb5 33. Ra7 Bf6 34. Rb7 Qa5 35. Qc4 Qa1+ 36. Kg2 Qa8 37. Qd5 Kh7 38. Qf3 Qa2 39. Nb4 Qe6 40. Nd5 Bd4 41. Qd3+ Kg8 42. Qxd4 Qxe2 43. Ne7+ Kh7 44. Nf5 1-0

[Event "IM Marmaris Karia VII 2019"]
[Site "Marmaris"]
[Date "2019.05.25"]
[Round "4.1"]
[White "Papenin, Nikolai"]
[Black "Eminov, Orkhan"]
[Result "1/2-1/2"]
[ECO "E70"]
[WhiteElo "2336"]
[BlackElo "2353"]
[Annotator "NA"]
[PlyCount "116"]
[EventDate "2019.05.25"]
[EventType "schev"]
[EventCountry "TUR"]
[SourceTitle "playchess.com"]
[Source "ChessBase"]
[SourceQuality "1"]
[TimeControl "5400+30"]

1. d4 Nf6 2. c4 g6 3. Nc3 Bg7 4. e4 d6 5. Bd3 O-O 6. Nge2 Nc6 7. O-O Nh5 8. Bc2 e5 9. d5 Ne7 10. a4 f5 11. exf5 gxf5 12. Bg5 h6 13. Bh4 a6 14. f4 Qe8 15. fxe5 Ng6 16. Bf6 Nxf6 17. exf6 Qe3+ 18. Kh1 Bxf6 19. Ng3 Qg5 20. Bxf5 Bxc3 21. Ne4 Qh4 22. Bxg6 Bg4 23. Qd3 Bxb2 24. Rxf8+ Rxf8 25. Rf1 Qe7 26. Ng3 Rxf1+ 27. Qxf1 Qf6 28. Bf5 Bxf5 29. Qxf5 Qxf5 30. Nxf5 Bc1 31. g4 Kf7 32. Kg2 Kf6 33. Kf3 Ke5 34. h4 a5 35. Ke2 Ke4 36. Kd1 Bf4 37. Ng7 c6 38. Ne6 cxd5 39. cxd5 Bg3 40. Nd8 b6 41. Nf7 Bxh4 42. Nxh6 Kxd5 43. Kc2 Kc5 44. Kb3 d5 45. Nf7 b5 46. axb5 Kxb5 47. Nd6+ Kc5 48. Nb7+ Kb6 49. Nd6 Kc6 50. Nf5 Bd8 51. Nd4+ Kd6 52. Ka4 Bb6 53. Nb3 Ke5 54. Nxa5 Kf4 55. Nb3 Kxg4 56. Kb5 Bf2 57. Kc6 d4 58. Nxd4 Bxd4 1/2-1/2

[Event "IM Marmaris Karia VII 2019"]
[Site "Marmaris"]
[Date "2019.05.25"]
[Round "4.2"]
[White "Darban, Morteza"]
[Black "Tanriverdi, Enes"]
[Result "0-1"]
[ECO "D00"]
[WhiteElo "2285"]
[BlackElo "2348"]
[Annotator "NA"]
[PlyCount "52"]
[EventDate "2019.05.25"]
[EventType "schev"]
[EventCountry "TUR"]
[SourceTitle "playchess.com"]
[Source "ChessBase"]
[SourceQuality "1"]
[TimeControl "5400+30"]

1. d4 Nf6 2. Bg5 d5 3. Bxf6 gxf6 4. e3 c5 5. Nf3 cxd4 6. exd4 Bg4 7. Be2 Nc6 8. c3 e6 9. Nbd2 Bd6 10. Qb3 Rb8 11. O-O Rg8 12. Kh1 Kf8 13. Rfe1 Ne7 14. Nf1 Nf5 15. Ne3 Nxe3 16. fxe3 Qc7 17. h3 Bf5 18. c4 Be7 19. c5 Qg3 20. Rg1 Bd8 21. Nh2 Bc7 22. Nf1 Qf2 23. Qd1 Bxh3 24. Bf3 Bf5 25. Qe1 Rg6 26. Nh2 Rh6 0-1

[Event "IM Marmaris Karia VII 2019"]
[Site "Marmaris"]
[Date "2019.05.25"]
[Round "4.3"]
[White "Mgeladze, Tamaz"]
[Black "Alaz, Ahmet Efekan"]
[Result "1/2-1/2"]
[ECO "B18"]
[WhiteElo "2396"]
[BlackElo "2252"]
[Annotator "NA"]
[PlyCount "40"]
[EventDate "2019.05.25"]
[EventType "schev"]
[EventCountry "TUR"]
[SourceTitle "playchess.com"]
[Source "ChessBase"]
[SourceQuality "1"]
[TimeControl "5400+30"]

1. e4 c6 2. d4 d5 3. Nd2 dxe4 4. Nxe4 Bf5 5. Ng3 Bg6 6. Nf3 Nd7 7. Bd3 Bxd3 8. Qxd3 e6 9. O-O Ngf6 10. c4 Be7 11. Bf4 O-O 12. Rfd1 Qb6 13. Qc2 Rfe8 14. Ne5 Rad8 15. Rd3 c5 16. Rb3 Qa6 17. Ra3 Qb6 18. Rb3 Qa6 19. Ra3 Qb6 20. Rb3 Qa6 1/2-1/2

[Event "IM Marmaris Karia VII 2019"]
[Site "Marmaris"]
[Date "2019.05.25"]
[Round "4.4"]
[White "Sibashvili, Giorgi"]
[Black "Kilic, Efe Mert"]
[Result "1/2-1/2"]
[ECO "D10"]
[WhiteElo "2381"]
[BlackElo "2248"]
[Annotator "NA"]
[PlyCount "60"]
[EventDate "2019.05.25"]
[EventType "schev"]
[EventCountry "TUR"]
[SourceTitle "playchess.com"]
[Source "ChessBase"]
[SourceQuality "1"]
[TimeControl "5400+30"]

1. d4 d5 2. c4 c6 3. Nc3 Nf6 4. e3 Bf5 5. cxd5 cxd5 6. Qb3 Bc8 7. Nf3 Nc6 8. Ne5 e6 9. f4 Be7 10. Bd3 O-O 11. Bd2 Nb4 12. Be2 Nd7 13. O-O f5 14. Nxd7 Bxd7 15. Na4 Bxa4 16. Qxa4 Qb6 17. Rfc1 Nc6 18. Rc2 a6 19. Rac1 Rfc8 20. b4 Qd8 21. b5 axb5 22. Qxb5 Ra7 23. a4 Ba3 24. Ra1 Qe7 25. Qb3 Bd6 26. a5 Qd8 27. Rac1 Rb8 28. Qb6 Bc7 29. Qb3 Bd6 30. Qb6 Bc7 1/2-1/2

[Event "IM Marmaris Karia VII 2019"]
[Site "Marmaris"]
[Date "2019.05.25"]
[Round "4.5"]
[White "Morozov, Nichita"]
[Black "Ozkan, Taha"]
[Result "1-0"]
[ECO "A11"]
[WhiteElo "2371"]
[BlackElo "1977"]
[Annotator "NA"]
[PlyCount "83"]
[EventDate "2019.05.25"]
[EventType "schev"]
[EventCountry "TUR"]
[SourceTitle "playchess.com"]
[Source "ChessBase"]
[SourceQuality "1"]
[TimeControl "5400+30"]

1. Nf3 d5 2. c4 c6 3. e3 e6 4. b3 Bd6 5. Bb2 Nf6 6. d4 Ne4 7. Bd3 f5 8. O-O O-O 9. Ne5 Bd7 10. f3 Nf6 11. Nc3 Be8 12. Kh1 Nbd7 13. Nxd7 Qxd7 14. Qe1 Bf7 15. e4 Bc7 16. cxd5 cxd5 17. e5 Nh5 18. Ne2 g5 19. g4 Ng7 20. Ba3 Rfc8 21. f4 h6 22. fxg5 hxg5 23. h4 Bg6 24. h5 Bh7 25. h6 Ne8 26. gxf5 exf5 27. Ng3 f4 28. e6 Qd8 29. Bxh7+ Kxh7 30. Qb1+ Kxh6 31. Nf5+ Kh5 32. Ne7 Nf6 33. Qg6+ Kh4 34. Nf5+ Kg4 35. Rg1+ Kf3 36. Raf1+ Ke2 37. Ng3+ fxg3 38. Rg2+ Ke3 39. Qxg5+ Kxd4 40. Rd2+ Ke4 41. Qf5+ Ke3 42. Qd3# 1-0

[Event "IM Marmaris Karia VII 2019"]
[Site "Marmaris"]
[Date "2019.05.25"]
[Round "6.1"]
[White "Mgeladze, Tamaz"]
[Black "Eminov, Orkhan"]
[Result "1-0"]
[ECO "A26"]
[WhiteElo "2396"]
[BlackElo "2353"]
[Annotator "NA"]
[PlyCount "69"]
[EventDate "2019.05.25"]
[EventType "schev"]
[EventCountry "TUR"]
[SourceTitle "playchess.com"]
[Source "ChessBase"]
[SourceQuality "1"]
[TimeControl "5400+30"]

1. c4 e5 2. g3 Nf6 3. Bg2 Nc6 4. Nc3 g6 5. Nf3 Bg7 6. O-O d6 7. d3 O-O 8. Rb1 a5 9. a3 h6 10. b4 axb4 11. axb4 Be6 12. b5 Ne7 13. Bb2 Qd7 14. d4 e4 15. Nd2 e3 16. fxe3 Bh3 17. Nde4 Nxe4 18. Nxe4 d5 19. Bxh3 Qxh3 20. cxd5 Nxd5 21. Rf3 Rfe8 22. Nf2 Qd7 23. e4 Nb6 24. Qb3 Na4 25. e3 Nxb2 26. Rxb2 Ra1+ 27. Kg2 Rea8 28. Rc2 R8a4 29. Qd5 Qe7 30. Qxb7 Ra7 31. Qd5 R7a5 32. Qc5 Qd7 33. Qxc7 Qxb5 34. Qxf7+ Kh7 35. Ng4 1-0

[Event "IM Marmaris Karia VII 2019"]
[Site "Marmaris"]
[Date "2019.05.25"]
[Round "6.2"]
[White "Sibashvili, Giorgi"]
[Black "Tanriverdi, Enes"]
[Result "0-1"]
[ECO "D15"]
[WhiteElo "2381"]
[BlackElo "2348"]
[Annotator "NA"]
[PlyCount "76"]
[EventDate "2019.05.25"]
[EventType "schev"]
[EventCountry "TUR"]
[SourceTitle "playchess.com"]
[Source "ChessBase"]
[SourceQuality "1"]
[TimeControl "5400+30"]

1. d4 d5 2. c4 c6 3. Nc3 dxc4 4. e3 b5 5. a4 b4 6. Na2 e6 7. Bxc4 Nf6 8. Nf3 Be7 9. O-O O-O 10. b3 a5 11. Bb2 Bb7 12. Nc1 Nbd7 13. Nd3 c5 14. Rc1 Rc8 15. Qe2 Ne4 16. Rfd1 Qb6 17. dxc5 Ndxc5 18. Nde5 Bf6 19. Nd7 Nxd7 20. Rxd7 Bd5 21. Bxd5 Rxc1+ 22. Bxc1 Nc5 23. Bxe6 Qxe6 24. Rd1 Qxb3 25. Nd4 Bxd4 26. exd4 Nxa4 27. Re1 Nc3 28. Qg4 Qc2 29. Bf4 Qg6 30. Qf3 Qf5 31. g4 Qd5 32. Qxd5 Nxd5 33. Bd6 Rc8 34. Re5 b3 35. Ba3 Rd8 36. Kf1 f6 37. Re6 Nc3 38. Re3 Nb1 0-1

[Event "IM Marmaris Karia VII 2019"]
[Site "Marmaris"]
[Date "2019.05.25"]
[Round "6.4"]
[White "Papenin, Nikolai"]
[Black "Kilic, Efe Mert"]
[Result "1/2-1/2"]
[ECO "E20"]
[WhiteElo "2336"]
[BlackElo "2248"]
[Annotator "NA"]
[PlyCount "78"]
[EventDate "2019.05.25"]
[EventType "schev"]
[EventCountry "TUR"]
[SourceTitle "playchess.com"]
[Source "ChessBase"]
[SourceQuality "1"]
[TimeControl "5400+30"]

1. d4 Nf6 2. c4 e6 3. Nc3 Bb4 4. g3 c5 5. Nf3 Ne4 6. Qd3 cxd4 7. Nxd4 Bxc3+ 8. bxc3 Nc5 9. Qf3 d6 10. Bg2 e5 11. Nb3 Qc7 12. O-O O-O 13. Rd1 Nba6 14. Ba3 Be6 15. Bxc5 Nxc5 16. Nxc5 Qxc5 17. Qxb7 Bxc4 18. Rd2 Be6 19. Qxa8 Rxa8 20. Bxa8 h5 21. h4 Qxc3 22. Rad1 g5 23. hxg5 h4 24. gxh4 Qc4 25. Bg2 d5 26. g6 Qxh4 27. gxf7+ Kxf7 28. Rd3 e4 29. Ra3 Qe7 30. Ra4 Kf6 31. Rc1 Qb7 32. Rc3 Ke5 33. Rg3 Qb5 34. Rxa7 Qxe2 35. Rg5+ Kf4 36. Rg3 Qe1+ 37. Bf1 Qe2 38. Bg2 Qd1+ 39. Bf1 d4 1/2-1/2

[Event "IM Marmaris Karia VII 2019"]
[Site "Marmaris"]
[Date "2019.05.25"]
[Round "6.5"]
[White "Darban, Morteza"]
[Black "Ozkan, Taha"]
[Result "1-0"]
[ECO "B10"]
[WhiteElo "2285"]
[BlackElo "1977"]
[Annotator "NA"]
[PlyCount "65"]
[EventDate "2019.05.25"]
[EventType "schev"]
[EventCountry "TUR"]
[SourceTitle "playchess.com"]
[Source "ChessBase"]
[SourceQuality "1"]
[TimeControl "5400+30"]

1. c4 c6 2. e4 d5 3. cxd5 cxd5 4. exd5 Nf6 5. Qa4+ Bd7 6. Qb3 Qc7 7. Nc3 a6 8. d4 Bf5 9. Nge2 Nbd7 10. Ng3 Bg6 11. f4 Bh5 12. Bd3 g5 13. fxg5 Bg7 14. Be3 Bg6 15. Be2 Nh5 16. Nxh5 Bxh5 17. Bd3 Bg6 18. Be2 O-O 19. O-O b5 20. Rad1 Rad8 21. h4 Qg3 22. Rf3 Qd6 23. Rf4 h6 24. gxh6 Bxh6 25. Ne4 Qb6 26. Rg4 Bg7 27. d6 e6 28. d5 Qb7 29. dxe6 Bxe4 30. Bd4 f6 31. Qg3 Ne5 32. Bxe5 fxe5 33. e7 1-0

[Event "IM Marmaris Karia VII 2019"]
[Site "Marmaris"]
[Date "2019.05.25"]
[Round "8.1"]
[White "Morozov, Nichita"]
[Black "Eminov, Orkhan"]
[Result "1-0"]
[ECO "A68"]
[WhiteElo "2371"]
[BlackElo "2353"]
[Annotator "ChessBase"]
[PlyCount "67"]
[EventDate "2019.05.25"]
[EventType "schev"]
[EventCountry "TUR"]
[SourceTitle "playchess.com"]
[Source "ChessBase"]
[SourceQuality "1"]
[TimeControl "5400+30"]

1. d4 Nf6 2. c4 g6 3. Nc3 Bg7 4. e4 d6 5. f4 O-O 6. Nf3 c5 7. d5 e6 8. Be2 exd5 9. cxd5 Bg4 10. O-O Bxf3 11. Bxf3 Nbd7 12. g4 a6 13. g5 Ne8 14. Kg2 Qa5 15. h4 Nc7 16. Ne2 Rfe8 17. f5 Be5 18. h5 Nb5 19. hxg6 hxg6 20. f6 Nd4 21. Bg4 Rad8 22. Rf2 Qb4 23. Bd2 Qc4 24. Nxd4 Qxd4 25. Bf3 Qxb2 26. Rb1 Qd4 27. Rxb7 Nxf6 28. gxf6 Bxf6 29. Qh1 Rb8 30. Rxf7 Kxf7 31. Qh7+ Bg7 32. Bg4+ Qxf2+ 33. Kxf2 Rb2 34. Be6+ 1-0

[Event "IM Marmaris Karia VII 2019"]
[Site "Marmaris"]
[Date "2019.05.25"]
[Round "8.2"]
[White "Papenin, Nikolai"]
[Black "Tanriverdi, Enes"]
[Result "0-1"]
[ECO "B48"]
[WhiteElo "2336"]
[BlackElo "2348"]
[Annotator "ChessBase"]
[PlyCount "45"]
[EventDate "2019.05.25"]
[EventType "schev"]
[EventCountry "TUR"]
[SourceTitle "playchess.com"]
[Source "ChessBase"]
[SourceQuality "1"]
[TimeControl "5400+30"]

1. e4 c5 2. Nf3 e6 3. d4 cxd4 4. Nxd4 Nc6 5. Nc3 Qc7 6. Be3 a6 7. Qf3 Bd6 8. O-O-O Be5 9. Nxc6 bxc6 10. Bd4 Bxd4 11. Rxd4 d5 12. exd5 cxd5 13. Bd3 Nf6 14. Re1 Bb7 15. g4 O-O 16. Qh3 Rac8 17. f4 Ne4 18. Bxe4 dxe4 19. Qe3 f5 20. gxf5 Rxf5 21. Red1 Bd5 22. R1d2 Rxf4 23. Qe2 0-1

[Event "IM Marmaris Karia VII 2019"]
[Site "Marmaris"]
[Date "2019.05.25"]
[Round "8.3"]
[White "Darban, Morteza"]
[Black "Alaz, Ahmet Efekan"]
[Result "0-1"]
[ECO "B12"]
[WhiteElo "2285"]
[BlackElo "2252"]
[Annotator "ChessBase"]
[PlyCount "58"]
[EventDate "2019.05.25"]
[EventType "schev"]
[EventCountry "TUR"]
[SourceTitle "playchess.com"]
[Source "ChessBase"]
[SourceQuality "1"]
[TimeControl "5400+30"]

1. e4 c6 2. d4 d5 3. e5 Bf5 4. g4 Be4 5. f3 Bg6 6. e6 Qd6 7. exf7+ Bxf7 8. f4 c5 9. c3 Nc6 10. Nf3 Nf6 11. h3 Bg6 12. Bb5 Be4 13. O-O e6 14. Qa4 Bxf3 15. Rxf3 Be7 16. Nd2 O-O 17. Nf1 cxd4 18. cxd4 Rac8 19. Bxc6 Rxc6 20. Rc3 Rxc3 21. bxc3 Ne4 22. Qxa7 Nxc3 23. Qxb7 Ne2+ 24. Kg2 Nxc1 25. Rxc1 Qxf4 26. Qb2 Qf3+ 27. Kg1 Ba3 28. Qd2 Bxc1 29. Qxc1 Qf2+ 0-1

[Event "IM Marmaris Karia VII 2019"]
[Site "Marmaris"]
[Date "2019.05.25"]
[Round "9.1"]
[White "Eminov, Orkhan"]
[Black "Papenin, Nikolai"]
[Result "1-0"]
[ECO "B51"]
[WhiteElo "2353"]
[BlackElo "2336"]
[Annotator "RC"]
[PlyCount "49"]
[EventDate "2019.05.25"]
[EventType "schev"]
[EventCountry "TUR"]
[SourceTitle "playchess.com"]
[Source "ChessBase"]
[SourceQuality "1"]
[TimeControl "5400+30"]

1. e4 c5 2. Nf3 d6 3. Bb5+ Nd7 4. d4 cxd4 5. Qxd4 a6 6. Bxd7+ Bxd7 7. Bg5 h6 8. Bh4 Nf6 9. Nc3 g5 10. Bg3 Bg7 11. O-O-O O-O 12. e5 dxe5 13. Bxe5 Bc6 14. Qb4 Qe8 15. Nd4 a5 16. Qc4 Rc8 17. Qe2 Bxg2 18. Rhg1 Bh3 19. f4 Rxc3 20. bxc3 Qa4 21. fxg5 Qa3+ 22. Kb1 hxg5 23. Rxg5 Qxc3 24. Rxg7+ Kxg7 25. Ne6+ 1-0

[Event "IM Marmaris Karia VII 2019"]
[Site "Marmaris"]
[Date "2019.05.25"]
[Round "9.2"]
[White "Tanriverdi, Enes"]
[Black "Darban, Morteza"]
[Result "1-0"]
[ECO "A44"]
[WhiteElo "2348"]
[BlackElo "2285"]
[Annotator "RC"]
[PlyCount "79"]
[EventDate "2019.05.25"]
[EventType "schev"]
[EventCountry "TUR"]
[SourceTitle "playchess.com"]
[Source "ChessBase"]
[SourceQuality "1"]
[TimeControl "5400+30"]

1. d4 c5 2. d5 e5 3. Nc3 d6 4. e4 a6 5. a4 g6 6. Nf3 Bg7 7. Nd2 f5 8. exf5 Bxf5 9. Be2 Nf6 10. O-O O-O 11. Nc4 Ne4 12. Bd2 Nxc3 13. Bxc3 b6 14. Qd2 Qc7 15. f4 Nd7 16. fxe5 Nxe5 17. Bxe5 Bxe5 18. Nxe5 dxe5 19. d6 Qg7 20. Bc4+ Kh8 21. Rae1 a5 22. Bb5 h5 23. d7 e4 24. c3 Rad8 25. Qd6 Rf6 26. Qc7 Qe7 27. h3 Rd6 28. Bc6 R8xd7 29. Bxd7 Qxd7 30. Qxd7 Rxd7 31. Rd1 e3 32. Rxd7 Bxd7 33. Rf6 Kg7 34. Rxb6 Bxa4 35. Ra6 Bd1 36. Rxa5 e2 37. Kf2 c4 38. Rc5 Bb3 39. Kxe2 Kf6 40. h4 1-0